 Dungeon Crawl Stone Soup version 0.24.0-1-gfbc8707 (webtiles) character file.

Game seed: 14773412077955276151, levelgen mode: deterministic

70 Svalin the Chopper (level 4, 0/40 HPs)
             Began as a Hill Orc Fighter on Dec 21, 2019.
             Was an Initiate of Yredelemnul.
             Slain by an ice beast (13 damage)
             ... on level 3 of the Dungeon.
             The game lasted 00:04:47 (1363 turns).

Svalin the Chopper (Hill Orc Fighter)               Turns: 1363, Time: 00:04:47

Health: 0/40       AC:  6    Str: 19    XL:     4   Next: 22%
Magic:  4/4        EV:  9    Int:  8    God:    Yredelemnul [......]
Gold:   145        SH:  0    Dex: 10    Spells: 3/3 levels left

rFire    . . .     SeeInvis .   a - +0 war axe
rCold    . . .     Gourm    .   (no shield)
rNeg     . . .     Faith    .   b - +0 scale mail
rPois    .         Spirit   .   (no helmet)
rElec    .         Reflect  .   (no cloak)
rCorr    .         Harm     .   (no gloves)
MR       .....                  (no boots)
Stlth    ..........             (no amulet)
HPRegen  0.13/turn              (no ring)
MPRegen  0.09/turn              (no ring)

@: no status effects
A: no striking features
a: Renounce Religion


You were on level 3 of the Dungeon.
You worshipped Yredelemnul.
Yredelemnul was noncommittal.
You were not hungry.

You visited 1 branch of the dungeon, and saw 3 of its levels.

You collected 145 gold pieces.

Inventory:

Hand Weapons
 a - a +0 war axe (weapon)
Armour
 b - a +0 scale mail (worn)
Scrolls
 e - 4 scrolls of teleportation {unknown}
 i - 2 scrolls of identify {unknown}
 j - a scroll of remove curse {unknown}
 k - a scroll of magic mapping {unknown}
Potions
 c - a potion of degeneration {unknown}
 d - a potion of flight {unknown}
 h - a potion of berserk rage {unknown}
Comestibles
 f - 4 rations


   Skills:
 - Level 3.8 Fighting
 + Level 5.2 Axes
 - Level 3.2 Armour
   Level 3.7 Shields


You had 3 spell levels left.
You didn't know any spells.
Your spell library was empty.

Dungeon Overview and Level Annotations

Branches:
Dungeon (3/15)

Altars:
Yredelemnul


Message History

The ice beast hits you but does no damage.
The ice beast barely misses you.
Your scale mail prevents you from hitting the ice beast.
The ice beast is heavily wounded.
The ice beast barely misses you.
You closely miss the ice beast.
The ice beast is heavily wounded.
The ice beast barely misses you.
You closely miss the ice beast.
The ice beast is heavily wounded.
The ice beast hits you. The ice beast freezes you!
You hit the ice beast but do no damage.
The ice beast is heavily wounded.
The ice beast closely misses you. The ice beast hits you.
The ice beast freezes you!
You barely miss the ice beast.
The ice beast is heavily wounded.
The ice beast hits you. The ice beast freezes you!
You die...
Your body rises from the dead as a mindless zombie.

# ######.####
#.Y........ #@#
#.# #.#
#############.#
#<............#
###############


You could see an ice beast.

Vanquished Creatures
  An ooze (D:1)
  4 worms (D:2)
  A dart slug (D:1)
  A leopard gecko (D:2)
  A giant cockroach (D:1)
  5 goblins
  8 hobgoblins
  4 jackals (D:1)
  6 kobolds
  A ball python (D:1)
  9 bats
  3 frilled lizards
  6 rats
50 creatures vanquished.

Notes
Turn   | Place    | Note
-------+----------+-------------------------------------------
     0 | D:1      | Svalin the Hill Orc Fighter began the quest for the Orb.
     0 | D:1      | Reached XP level 1. HP: 19/19 MP: 1/1
    83 | D:1      | Reached XP level 2. HP: 24/27 MP: 2/2
   110 | D:1      | Reached skill level 3 in Axes
   229 | D:1      | Reached XP level 3. HP: 7/33 MP: 3/3
   232 | D:1      | Reached skill level 4 in Axes
   287 | D:1      | HP: 1/33 [hobgoblin/+0 club (3)]
   847 | D:2      | Reached XP level 4. HP: 34/40 MP: 4/4
   873 | D:2      | Reached skill level 5 in Axes
   881 | D:2      | Found a basalt altar of Yredelemnul.
   922 | D:2      | Became a worshipper of Yredelemnul the Dark
  1341 | D:3      | Noticed an ice beast
  1363 | D:3      | Slain by an ice beast

Levels and vault maps discovered:
D:1:      minmay_arrival_jagged, layout_rooms, chequers_serial_rivers_small_b,
          minmay_misc_feat_hallway, serial_park_tiny_2
D:2:      layout_basic, yredelemnul_altar_generic
D:3:      layout_basic, nicolae_overflow_crystal_walls, minmay_misc_feat_tower

Skill      XL: |  1  2  3  4 |
---------------+-------------+-----
Axes           | 3 4 5 |  5.2
Fighting       | |  3.8
Armour         | |  3.2
Shields        | |  3.7

Action                   |  1- 3 |  4- 6 || total
-------------------------+-------+-------++-------
Melee: War axe           |   123 |    44 ||   167
  Use: Potion            |     3 |       ||     3
  Eat: Chunk             |       |     2 ||     2
Armor: Scale mail        |    63 |    16 ||    79
Dodge: Dodged            |    46 |    26 ||    72
Block: Shield            |    81 |       ||    81
